 Dungeon Crawl Stone Soup version 0.14-a0-2564-g94087c3 (webtiles) character file.

2908 Herrn the Carver (level 9, -6/81 HPs)
             Began as a Djinni Fighter on Feb 11, 2014.
             Was a Priest of Okawaru.
             Killed by divine providence
             ... invoked by a deep elf priest
              (13 damage)
             ... on Level 7 of the Dungeon.
             The game lasted 00:46:42 (7931 turns).

Herrn the Carver (Djinni Fighter)                   Turns: 7931, Time: 00:46:42

HP  -6/81        AC 17     Str 17      XL: 9   Next: 29%
MP   0/0         EV  1     Int 10      God: Okawaru [***...]
Gold 395         SH 19     Dex 18      Spells:  0 memorised,  8 levels left

rFire  + + +     SeeInvis .     v - +2,+0 elf falchion
rCold  x . .     Clarity  .     g - +0 orc plate armour
rNeg   + + +     Conserve .     c - +0 shield
rPois  +         rCorr    .     H - +1 dwarf helmet
rElec  .         rRot     .     q - +2 orc cloak
SustAb . .       Spirit   .     l - +0 pair of elf gloves
rMut   .         Warding  .     (boots unavailable)
Saprov . . .     Stasis   .     (no amulet)
MR     .....                    (no ring)
                                m - ring of poison resistance {unknown}

@: flying, not resistant to hostile enchantments, extremely unstealthy
A: fire immunity, cold vulnerability, agile 1, clever 1, life protection 3,
regeneration 1
a: Heroism, Renounce Religion


You were on level 7 of the Dungeon.
You worshipped Okawaru.
Okawaru was most pleased with you.
You were not hungry.

You visited 1 branch of the dungeon, and saw 7 of its levels.

You collected 505 gold pieces.
You spent 110 gold pieces at shops.

Inventory:

Hand weapons
 a - a +0,+0 falchion
 n - a +0,+2 orcish falchion
 o - a +1,+0 elven falchion
 r - a -1,+1 orcish falchion
 v - a +2,+0 elven falchion (weapon)
 y - a +0,+0 falchion
 F - a +0,+1 dwarven falchion
 I - a -1,+1 orcish falchion
Armour
 c - a +0 shield (worn)
 g - a +0 orcish plate armour (worn)
 h - a +0 orcish plate armour
 j - a +1 dwarven helmet
 l - a +0 pair of elven gloves (worn)
 q - a +2 orcish cloak (worn)
 H - a +1 dwarven helmet (worn)
Magical devices
 d - a wand of heal wounds (0)
 C - a wand of invisibility (0)
 E - a wand of random effects (0)
Scrolls
 e - a scroll of identify
 f - a scroll of fear {unknown}
 p - 3 scrolls of remove curse {unknown}
 s - a scroll of enchant armour
Jewellery
 m - a ring of poison resistance (left hand) {unknown}
Potions
 b - a potion of poison {unknown}
 i - a potion of resistance {unknown}
 k - a potion of might {unknown}
 t - 2 potions of heal wounds {unknown}
 u - 3 potions of restore abilities {unknown}
 z - 2 potions of magic {unknown}
 A - 2 potions of flight
 B - 3 potions of curing {unknown}
 G - 3 potions of brilliance {unknown}


   Skills:
 * Level 8.2 Fighting
 + Level 8.6 Long Blades
 - Level 3.2 Armour
 - Level 3.0 Shields
 * Level 3.6 Invocations


You had 8 spell levels left.
You didn't know any spells.

Dungeon Overview and Level Annotations

Branches:
Dungeon (7/16)             Temple (0/1) D:4

Altars:
Dithmenos
Okawaru
Vehumet
Zin
The Shining One

Shops:
D:4 *


Innate Abilities, Weirdness & Mutations

You are immune to all types of fire, even holy and hellish.
You are vulnerable to cold.
You need no food.
You have no legs.
You are immune to negative energy.
You are agile. (Dex +2)
Your mind is acute. (Int +2)
Your natural rate of healing is unusually fast.


Message History

The deep elf priest is heavily wounded.
The deep elf priest mumbles some strange prayers to its god against you.
Pain shoots through your body!
* * * LOW HITPOINT WARNING * * *
You hit the deep elf priest but do no damage.
The deep elf priest is heavily wounded.
You block the deep elf priest's attack.
You closely miss the deep elf priest.
The deep elf priest is heavily wounded.
The deep elf priest hits you but does no damage.
You hit the deep elf priest but do no damage.
The deep elf priest is heavily wounded.
The deep elf priest mumbles some strange prayers to its god against you.
Something smites you!
* * * LOW HITPOINT WARNING * * *
You closely miss the deep elf priest.
The deep elf priest is heavily wounded.
The deep elf priest invokes the aid of its god against you.
Something smites you!
You die...

#......................#
#......................#
#<.....................#
#........####..........#
#.....8..# #..........#
#.....(..# #...........
#...##(### #.....###'##
#...#..$# #.....#.....
#...#._@#####.....#.....
#.(.#.e)#.......%.#.....
#...#####.........#.)...
#....# ########..#.....
#....# ####..... #....#
#..... #....# #######
#....# #...... #....#
#######


You could see a deep elf priest.

Vanquished Creatures
  The ghost of Vidiiot the Firebug, an experienced OpFE of Vehumet (D:7)
  A deep elf priest (D:7)
  A hippogriff (D:7)
  Eustachio (D:5)
  2 orc warriors (D:6)
  A black bear (D:7)
  3 ogres
  Sigmund (D:5)
  3 giant frogs
  2 crimson imps
  A quasit (D:7)
  A giant frog zombie (D:6)
  3 orc priests
  A scorpion (D:5)
  5 hounds (D:4)
  3 worker ants
  5 orc wizards
  Ijyb (D:5)
  5 adders
  A green rat (D:5)
  A gnoll (D:4)
  4 giant mites
  An inept feature mimic (D:3)
  3 worms
  An adder skeleton (D:4)
  4 grey rats
  3 oozes
  41 orcs
  9 giant cockroaches
  13 goblins
  10 hobgoblins
  9 kobolds
  2 quokkas
  4 ball pythons
  15 bats
  3 giant geckos
  8 giant newts
  14 jackals
  20 rats
  A ballistomycete (D:7)
208 creatures vanquished.

Vanquished Creatures (collateral kills)
  A rat (D:6)
1 creature vanquished.

Vanquished Creatures (others)
  A giant spore (D:7)
1 creature vanquished.

Grand Total: 210 creatures vanquished

Notes
Turn   | Place    | Note
--------------------------------------------------------------
     0 | D:1      | Herrn, the Djinni Fighter, began the quest for the Orb.
     0 | D:1      | Reached XP level 1. HP: 16/16 MP: 0/0
   143 | D:1      | Reached XP level 2. EP: 18/23
   342 | D:1      | Reached XP level 3. EP: 29/29
   569 | D:2      | Found a glowing golden altar of the Shining One.
   681 | D:2      | Reached skill level 4 in Fighting
   781 | D:2      | Found a shadowy altar of Dithmenos.
   940 | D:2      | Reached XP level 4. EP: 37/37
  1094 | D:3      | Found an iron altar of Okawaru.
  1104 | D:3      | Became a worshipper of Warmaster Okawaru
  1313 | D:3      | Found a glowing drain.
  1315 | D:3      | the glowing drain was a mimic.
  1532 | D:3      | Reached XP level 5. EP: 36/43
  1995 | D:4      | Reached skill level 5 in Fighting
  2058 | D:4      | Reached XP level 6. EP: 40/51
  2069 | D:4      | Acquired Okawaru's first power
  2201 | D:4      | Found a staircase to the Ecumenical Temple.
  2229 | D:4      | Got a fabulously ornate robe
  2242 | D:4      | Identified the +2 robe "Ceriozxu" {rF+ rN+} (You found it on level 4 of the Dungeon)
  2368 | D:4      | Noticed an ogre
  2376 | D:4      | Killed an ogre
  2376 | D:4      | Reached skill level 1 in Invocations
  2626 | D:4      | Found Strit's Assorted Antiques.
  2629 | D:4      | Reached skill level 5 in Long Blades
  2652 | D:4      | Bought a scroll labeled HAOHILOALAE for 22 gold pieces
  2652 | D:4      | Bought a scroll labeled HAOHILOALAE for 22 gold pieces
  2652 | D:4      | Bought a scroll labeled HAOHILOALAE for 22 gold pieces
  2652 | D:4      | Bought a scroll labeled ZAVEWA FEILIEB for 22 gold pieces
  2652 | D:4      | Bought a scroll labeled PNIQ PNUNGASUBB for 22 gold pieces
  2897 | D:5      | Entered Level 5 of the Dungeon
  2976 | D:5      | Noticed Ijyb
  3032 | D:5      | Killed Ijyb
  3032 | D:5      | Reached XP level 7. EP: 56/58
  3126 | D:5      | Noticed Sigmund
  3548 | D:5      | Killed Sigmund
  3708 | D:5      | Noticed Eustachio
  3915 | D:5      | Killed Eustachio
  3915 | D:5      | Reached skill level 6 in Fighting
  4148 | D:5      | Found a glowing silver altar of Zin.
  4419 | D:6      | Reached XP level 8. EP: 65/68
  6330 | D:6      | Reached skill level 7 in Long Blades
  6532 | D:7      | Noticed Vidiiot's ghost (experienced OpFE)
  6591 | D:7      | Killed Vidiiot's ghost
  7099 | D:7      | Reached skill level 8 in Long Blades
  7120 | D:7      | Reached XP level 9. EP: 27/80
  7165 | D:7      | Gained mutation: Your natural rate of healing is unusually fast. [potion of mutation]
  7165 | D:7      | Gained mutation: Your mind is acute. (Int +2) [potion of mutation]
  7165 | D:7      | Gained mutation: You are agile. (Dex +2) [potion of mutation]
  7895 | D:7      | Found a radiant altar of Vehumet.
  7895 | D:7      | Noticed a deep elf priest
  7895 | D:7      | Noticed a deep elf priest
  7911 | D:7      | Killed a deep elf priest
  7931 | D:7      | Killed from afar by a deep elf priest

Action                   |  1- 3 |  4- 6 |  7- 9 || total
-------------------------+-------+-------+-------++-------
Melee: Falchion          |   195 |   349 |   683 ||  1227
Evoke: Wand              |       |       |    26 ||    26
  Use: Scroll            |       |       |    13 ||    13
       Potion            |       |       |     2 ||     2
